AA NE
HARTFORD YARD GOATS @ ERIE SEAWOLVES
06/27/2041
 
TOP OF THE 1ST
Hartford Yard Goats batting - Pitching for Erie SeaWolves : LHP Chuck Brown
Pitching: LHP Chuck Brown
Batting: LHB Sergio Ayata 0-0: Ground out 5-3 (Groundball, 56, EV 83.1 MPH)
Batting: RHB Stan Moore 0-0: Ball
1-0: Called Strike
1-1: Ball
2-1: SINGLE (Groundball, 6MD, EV 98.1 MPH)
Batting: RHB Juan Ortíz 0-0: Ball
1-0: Fly out, F9 (Line Drive, 9LM, EV 90.6 MPH)
Batting: LHB Ben Browning 0-0: Fly out, F8 (Flyball, 78D, EV 99.4 MPH)
Top of the 1st over - 0 runs, 1 hit, 0 errors, 1 left on base; Hartford 0 - Erie 0
BOTTOM OF THE 1ST
Erie SeaWolves batting - Pitching for Hartford Yard Goats : RHP Doug Hickman
Pitching: RHP Doug Hickman
Batting: SHB Luis Alemán 0-0: Called Strike
0-1: Ball
1-1: Ball
2-1: SINGLE (Groundball, 56D, EV 98.1 MPH) (infield hit)
Batting: SHB António González 0-0: Ball
1-0: Fly out, F6 (Line Drive, 6, EV 75.6 MPH)
Batting: LHB António García 0-0: Called Strike
0-1: Ball
1-1: Swinging Strike
1-2: Ball
2-2: Strikes out swinging
Batting: LHB Kevin Richter 0-0: Ball
1-0: Called Strike
1-1: Called Strike
1-2: Foul Ball, location: 7LDF
1-2: Ball
2-2: Foul Ball, location: 23FF
2-2: Fly out, F7 (Flyball, 78S, EV 93.8 MPH)
Bottom of the 1st over - 0 runs, 1 hit, 0 errors, 1 left on base; Hartford 0 - Erie 0
TOP OF THE 2ND
Hartford Yard Goats batting - Pitching for Erie SeaWolves : LHP Chuck Brown
Batting: RHB Jeff Moon 0-0: Ball
1-0: Ball
2-0: Foul Ball, location: 23F
2-1: Foul Ball, location: 5FF
2-2: Ball
3-2: Base on Balls
Batting: RHB Ben Pearcy 0-0: Sac Bunt to 15S - play at first, batter OUT! 1-3
Jeff Moon to second
Batting: RHB Iván Ojeda 0-0: Foul Ball, location: 9LDF
0-1: Called Strike
0-2: Foul Ball, location: 25F
0-2: Ball
1-2: Ball
2-2: Foul Ball, location: 25F
2-2: Ball
3-2: Foul Ball, location: 7LDF
3-2: Foul Ball, location: 7LSF
3-2: Foul Ball, location: 2F
3-2: Foul Ball, location: 2F
3-2: Foul Ball, location: 3F
3-2: Foul Ball, location: 9LMF
3-2: Base on Balls
Batting: RHB Lúcio Rodríguez 0-0: Ball
1-0: Called Strike
1-1: DOUBLE (Flyball, 8RXD, EV 98.1 MPH)
Jeff Moon scores
Iván Ojeda to third
Runner from 3rd tries for Home, SAFE, throw by CF to home
Batting: RHB Ignacio López 0-0: Called Strike
0-1: Ball
1-1: Ball
2-1: Foul Ball, location: 2F
2-2: Ball
3-2: Strikes out swinging
Batting: LHB Sergio Ayata 0-0: Swinging Strike
0-1: Ball
1-1: Swinging Strike
1-2: Ball
2-2: Ball
3-2: Fly out, F8 (Flyball, 8RD, EV 103.1 MPH)
Top of the 2nd over - 2 runs, 1 hit, 0 errors, 1 left on base; Hartford 2 - Erie 0
BOTTOM OF THE 2ND
Erie SeaWolves batting - Pitching for Hartford Yard Goats : RHP Doug Hickman
Batting: SHB Billy Davis 0-0: Ball
1-0: Swinging Strike
1-1: Called Strike
1-2: Fly out, F7 (Flyball, 7, EV 92.5 MPH)
Batting: RHB Kevin Brown 0-0: Ball
1-0: Foul Ball, location: 25F
1-1: Swinging Strike
1-2: Ground out 4-3 (Groundball, 4D, EV 101.9 MPH)
Batting: RHB Dan MacLarty 0-0: Ball
1-0: DOUBLE (Line Drive, 7LS, EV 98.1 MPH)
Batting: RHB Jorge Sánchez 0-0: Ball
1-0: Swinging Strike
1-1: Ball
2-1: Ball
3-1: Base on Balls
Batting: LHB Ken Miller 0-0: Swinging Strike
0-1: Ball
1-1: Called Strike
1-2: Ball
2-2: Fly out, F9 (Flyball, 89S, EV 82.5 MPH)
Bottom of the 2nd over - 0 runs, 1 hit, 0 errors, 2 left on base; Hartford 2 - Erie 0
TOP OF THE 3RD
Hartford Yard Goats batting - Pitching for Erie SeaWolves : LHP Chuck Brown
Batting: RHB Stan Moore 0-0: Ground out 6-3 (Groundball, 6S, EV 86.9 MPH)
Batting: RHB Juan Ortíz 0-0: Ball
1-0: Foul Ball, location: 2F
1-1: Ball
2-1: Foul Ball, location: 25F
2-2: Fly out, F9 (Line Drive, 9S, EV 91.3 MPH)
Batting: LHB Ben Browning 0-0: Ball
1-0: Ground out U3 (Groundball, 3L, EV 83.1 MPH)
Top of the 3rd over - 0 runs, 0 hits, 0 errors, 0 left on base; Hartford 2 - Erie 0
BOTTOM OF THE 3RD
Erie SeaWolves batting - Pitching for Hartford Yard Goats : RHP Doug Hickman
Batting: SHB Luis Alemán 0-0: Ball
1-0: Foul Ball, location: 7LSF
1-1: Ball
2-1: Foul Ball, location: 2F
2-2: Foul Ball, location: 5F
2-2: Foul Ball, location: 3FF
2-2: Strikes out swinging
Batting: SHB António González 0-0: Ball
1-0: Fly out, F5 (Popup, 5F, EV 61.3 MPH)
Batting: LHB António García 0-0: Called Strike
0-1: Fly out, F8 (Flyball, 89M, EV 94.4 MPH)
Bottom of the 3rd over - 0 runs, 0 hits, 0 errors, 0 left on base; Hartford 2 - Erie 0
TOP OF THE 4TH
Hartford Yard Goats batting - Pitching for Erie SeaWolves : LHP Chuck Brown
Batting: RHB Jeff Moon 0-0: Swinging Strike
0-1: Foul Ball, location: 25F
0-2: Foul Ball, location: 5F
0-2: Strikes out swinging
Batting: RHB Ben Pearcy 0-0: Foul Ball, location: 9LSF
0-1: SINGLE (Line Drive, 9LS, EV 87.5 MPH)
Batting: RHB Iván Ojeda 0-0: Foul Ball, location: 2F
0-1: Foul Ball, location: 5FF
0-2: Ball
1-2: Foul Ball, location: 5DF
1-2: Ball
2-2: Ball
3-2: Grounds into double play, 6-4-3 (Groundball, 6, EV 81.3 MPH)
Top of the 4th over - 0 runs, 1 hit, 0 errors, 0 left on base; Hartford 2 - Erie 0
BOTTOM OF THE 4TH
Erie SeaWolves batting - Pitching for Hartford Yard Goats : RHP Doug Hickman
Batting: LHB Kevin Richter 0-0: Ball
1-0: Called Strike
1-1: Ball
2-1: Foul Ball, location: 2F
2-2: Foul Ball, location: 25FF
2-2: Fly out, F8 (Flyball, 78M, EV 85.6 MPH)
Batting: SHB Billy Davis 0-0: Foul Ball, location: 3FF
0-1: Hit by Pitch
Batting: RHB Kevin Brown 0-0: Called Strike
0-1: Fly out, F6 (Popup, 6M, EV 65.6 MPH)
Batting: RHB Dan MacLarty 0-0: Ground out 1-3 (Groundball, 13, EV 61.9 MPH)
Bottom of the 4th over - 0 runs, 0 hits, 0 errors, 1 left on base; Hartford 2 - Erie 0
TOP OF THE 5TH
Hartford Yard Goats batting - Pitching for Erie SeaWolves : LHP Chuck Brown
Batting: RHB Lúcio Rodríguez 0-0: Ground out 5-3 (Groundball, 56S, EV 69.4 MPH)
Batting: RHB Ignacio López 0-0: Foul Ball, location: 2F
0-1: Foul Ball, location: 9LMF
0-2: Strikes out swinging
Batting: LHB Sergio Ayata 0-0: Ball
1-0: Called Strike
1-1: Foul Ball, location: 2F
1-2: Ball
2-2: Ball
3-2: Base on Balls
Batting: RHB Stan Moore 0-0: Called Strike
0-1: Called Strike
0-2: Ball
1-2: Strikes out looking
Top of the 5th over - 0 runs, 0 hits, 0 errors, 1 left on base; Hartford 2 - Erie 0
BOTTOM OF THE 5TH
Erie SeaWolves batting - Pitching for Hartford Yard Goats : RHP Doug Hickman
Batting: RHB Jorge Sánchez 0-0: Foul Ball, location: 7LSF
0-1: Ball
1-1: Fly out, F4 (Popup, 13S, EV 89.4 MPH)
Batting: LHB Ken Miller 0-0: Ball
1-0: Ball
2-0: Ball
3-0: Called Strike
3-1: Called Strike
3-2: Foul Ball, location: 2F
3-2: Foul Ball, location: 7LMF
3-2: DOUBLE (Line Drive, 78D, EV 100.6 MPH)
Batting: SHB Luis Alemán 0-0: DOUBLE (Line Drive, 78M, EV 98.8 MPH)
Ken Miller scores
Batting: SHB António González 0-0: Fly out, F6 (Popup, P, EV 70.0 MPH)
Batting: LHB António García 0-0: Foul Ball, location: 25F
0-1: Foul Ball, location: 2F
0-2: Ball
1-2: Ball
2-2: Foul Ball, location: 2F
2-2: Fly out, F9 (Flyball, 9D, EV 100.0 MPH)
Bottom of the 5th over - 1 run, 2 hits, 0 errors, 1 left on base; Hartford 2 - Erie 1
TOP OF THE 6TH
Hartford Yard Goats batting - Pitching for Erie SeaWolves : LHP Chuck Brown
Batting: RHB Juan Ortíz 0-0: Ball
1-0: Ball
2-0: Ball
3-0: Called Strike
3-1: Called Strike
3-2: Ground out 6-3 (Groundball, 6, EV 104.4 MPH)
Batting: LHB Ben Browning 0-0: Foul Ball, location: 7LSF
0-1: Called Strike
0-2: Ball
1-2: Ball
2-2: Strikes out swinging
Batting: RHB Jeff Moon 0-0: SINGLE (Groundball, 56D, EV 98.8 MPH)
Batting: RHB Ben Pearcy 0-0: Ball
1-0: Called Strike
1-1: Ball
2-1: Ball
3-1: Base on Balls
Jeff Moon to second
Pitching: RHP Alim Rais
Batting: RHB Iván Ojeda 0-0: Ball
1-0: Ball
2-0: Ball
3-0: Called Strike
3-1: Base on Balls
Jeff Moon to third
Ben Pearcy to second
Batting: RHB Lúcio Rodríguez 0-0: Ball
1-0: Ball
2-0: Fielders Choice at 2nd, 6-4 (Groundball, 6, EV 80.0 MPH)
Top of the 6th over - 0 runs, 1 hit, 0 errors, 3 left on base; Hartford 2 - Erie 1
BOTTOM OF THE 6TH
Erie SeaWolves batting - Pitching for Hartford Yard Goats : RHP Doug Hickman
Pitching: LHP Tony Henderson
Pinch Hitting: RHB Rocky Brown 0-0: Called Strike
0-1: Ball
1-1: Fly out, F9 (Flyball, 89XD, EV 108.8 MPH)
Batting: SHB Billy Davis 0-0: Fly out, F8 (Flyball, 8LS, EV 73.1 MPH)
Batting: RHB Kevin Brown 0-0: Foul Ball, location: 2F
0-1: SINGLE (Line Drive, 9LS, EV 98.8 MPH)
Batting: RHB Dan MacLarty 0-0: Ball
1-0: Called Strike
1-1: Fly out, F8 (Flyball, 8RM, EV 89.4 MPH)
Bottom of the 6th over - 0 runs, 1 hit, 0 errors, 1 left on base; Hartford 2 - Erie 1
TOP OF THE 7TH
Hartford Yard Goats batting - Pitching for Erie SeaWolves : RHP Alim Rais
Now in RF: Joe Milligan
Batting: RHB Ignacio López 0-0: Ball
1-0: Ball
2-0: Foul Ball, location: 2F
2-1: Called Strike
2-2: Foul Ball, location: 2F
2-2: Ball
3-2: Ground out 6-3 (Groundball, 6, EV 86.3 MPH)
Batting: LHB Sergio Ayata 0-0: Fly out, F7 (Flyball, 7LD, EV 88.8 MPH)
Batting: RHB Stan Moore 0-0: Called Strike
0-1: Foul Ball, location: 5FF
0-2: Foul Ball, location: 7LMF
0-2: Strikes out looking
Top of the 7th over - 0 runs, 0 hits, 0 errors, 0 left on base; Hartford 2 - Erie 1
BOTTOM OF THE 7TH
Erie SeaWolves batting - Pitching for Hartford Yard Goats : LHP Tony Henderson
Batting: RHB Jorge Sánchez 0-0: Ground out 3-1 (Groundball, 3D, EV 98.1 MPH)
Batting: LHB Ken Miller 0-0: Ball
1-0: Called Strike
1-1: Foul Ball, location: 5SF
1-2: Fly out, F8 (Flyball, 8LD, EV 110.0 MPH)
Batting: SHB Luis Alemán 0-0: Ball
1-0: Ball
2-0: Ball
3-0: Base on Balls
Batting: SHB António González 0-0: Ball
1-0: Called Strike
Luis Alemán steals 2nd base
1-1: Ground out 6-3 (Groundball, 6, EV 108.8 MPH)
Bottom of the 7th over - 0 runs, 0 hits, 0 errors, 1 left on base; Hartford 2 - Erie 1
TOP OF THE 8TH
Hartford Yard Goats batting - Pitching for Erie SeaWolves : RHP Alim Rais
Batting: RHB Juan Ortíz 0-0: Ball
1-0: Ground out 1-3 (Groundball, 13S, EV 67.5 MPH)
Pitching: LHP Harry MacBride
Pinch Hitting: RHB Jorge Ortega 0-0: Ball
1-0: Ball
2-0: Called Strike
2-1: Swinging Strike
2-2: Foul Ball, location: 3DF
2-2: Strikes out swinging
Batting: RHB Jeff Moon 0-0: Called Strike
0-1: Swinging Strike
0-2: Strikes out looking
Top of the 8th over - 0 runs, 0 hits, 0 errors, 0 left on base; Hartford 2 - Erie 1
BOTTOM OF THE 8TH
Erie SeaWolves batting - Pitching for Hartford Yard Goats : LHP Tony Henderson
Now in RF: Jermaine Smith
Batting: LHB António García 0-0: Foul Ball, location: 5SF
0-1: SINGLE (Groundball, 4D, EV 97.5 MPH)
Batting: RHB Joe Milligan 0-0: Ball
1-0: Foul Ball, location: 23F
1-1: Called Strike
1-2: Foul Ball, location: 9LSF
1-2: Ball
2-2: Strikes out looking
Batting: RHB Bob Barber 0-0: Ball
1-0: Ball
2-0: Foul Ball, location: 2F
2-1: Ball
3-1: Base on Balls
António García to second
Batting: RHB Kevin Brown 0-0: Called Strike
0-1: Grounds into double play, 6-4-3 (Groundball, 6, EV 106.9 MPH)
Bottom of the 8th over - 0 runs, 1 hit, 0 errors, 1 left on base; Hartford 2 - Erie 1
TOP OF THE 9TH
Hartford Yard Goats batting - Pitching for Erie SeaWolves : LHP Harry MacBride
Batting: RHB Ben Pearcy 0-0: Ball
1-0: Ball
2-0: Called Strike
2-1: Ball
3-1: Called Strike
3-2: Strikes out swinging
Batting: RHB Iván Ojeda 0-0: Foul Ball, location: 5DF
0-1: Called Strike
0-2: Foul Ball, location: 9LSF
0-2: Ball
1-2: Ball
2-2: Fly out, F8 (Line Drive, 89M, EV 108.1 MPH)
Batting: RHB Lúcio Rodríguez 0-0: SOLO HOME RUN (Line Drive, 9D, EV 101.9 MPH), Distance : 401 ft
Batting: RHB Ignacio López 0-0: Ball
1-0: Called Strike
1-1: Foul Ball, location: 7LSF
1-2: Strikes out looking
Top of the 9th over - 1 run, 1 hit, 0 errors, 0 left on base; Hartford 3 - Erie 1
BOTTOM OF THE 9TH
Erie SeaWolves batting - Pitching for Hartford Yard Goats : LHP Tony Henderson
Pitching: RHP Dan Swanson
Batting: RHB Dan MacLarty 0-0: Swinging Strike
0-1: Fly out, F7 (Flyball, 7S, EV 88.1 MPH)
Pinch Hitting: RHB Teo Pors 0-0: Ball
1-0: Fly out, F6 (Popup, 6, EV 81.9 MPH)
Batting: LHB Ken Miller 0-0: Foul Ball, location: 2F
0-1: Swinging Strike
0-2: Ball
1-2: Foul Ball, location: 3F
1-2: Ball
2-2: Ball
3-2: Strikes out swinging
Bottom of the 9th over - 0 runs, 0 hits, 0 errors, 0 left on base; Hartford 3 - Erie 1
Monday, April 1st , 2024 - OOTP Baseball 24.10 Build 82